 Dungeon Crawl Stone Soup version 0.31-a0-128-g25add195a6 (webtiles) character file.

Game seed: 1848643839787093660

3 voltaire321 the Caller (level 1, 0/10 HPs)
             Began as a Tengu Summoner on June 1, 2023.
             Succumbed to a goblin's poison
             ... on level 1 of the Dungeon.
             The game lasted 00:00:32 (107 turns).

voltaire321 the Caller (Tengu Summoner)              Turns: 107, Time: 00:00:33

Health: 0/10       AC:  2    Str:  8    XL:     1   Next: 50%
Magic:  4/4        EV: 12    Int: 15    God:
Gold:   6          SH:  0    Dex: 14    Spells: 3/4 levels left

rFire   . . .        c - +0 dagger (venom)
rCold   . . .        (no shield)
rNeg    . . .        a - +0 robe
rPois   .            (helmet restricted)
rElec   .            (no cloak)
rCorr   .            (no gloves)
SInv    .            (boots unavailable)
Will    .....        (no amulet)
Stlth   ++           (no ring)
HPRegen 0.21/turn    (no ring)
MPRegen 0.09/turn

%: no passive effects
@: lethally poisoned (0 -> -4)
A: beak, talons 3
a: no special abilities


You were on level 1 of the Dungeon.
You visited 1 branch of the dungeon, and saw 1 of its levels.

You collected 6 gold pieces.

Inventory:

Hand Weapons
 c - a +0 dagger of venom (weapon)
Armour
 a - a +0 robe (worn)
Potions
 b - a potion of magic


   Skills:
 + Level 0.1 Fighting
 + Level 0.2 Armour
 + Level 2.2 Dodging
 - Level 2.0 Stealth
 + Level 2.0 Spellcasting
 * Level 4.9 Summonings


You had 3 spell levels left.
You knew the following spells:

 Your Spells              Type           Power      Damage    Failure   Level
a - Summon Small Mammal   Summ           64%        N/A       3%          1

Your spell library contained the following spells:

 Spells                   Type           Power      Damage    Failure   Level
 Call Imp                 Summ           32%        N/A       4%          2
 Call Canine Familiar     Summ           16%        N/A       9%          3
 Summon Guardian Golem    Hex/Summ       8%         N/A       24%         3
 Summon Lightning Spire   Summ/Air       8%         N/A       63%         4


Dungeon Overview and Level Annotations

Branches:
Dungeon (1/15)

Altars:


Innate Abilities, Weirdness & Mutations

You have a beak for a mouth.
You have claws for feet.


Message History

You miss the quokka. Your bat misses the quokka. Your bat hits the quokka.
The quokka closely misses you.
You hit the quokka but do no damage. You claw the quokka.
You kill the quokka!
You see here a quokka corpse.
You start resting.
Magic restored.
HP restored.
You swap places.
You open the door.
A rat and a goblin come into view.
The goblin is wielding a +0 dagger of venom.
Your bat disappears in a puff of smoke!
Casting: Summon Small Mammal (safe; 3% risk of failure)
Press: ? - help, Q - select action Dir - look around, f - activate You closely miss the rat.
You claw the rat. You punch the rat.
You kill the rat!
There is an open door here.
You see here a rat corpse.
The goblin closely misses you.
You hit the goblin. You peck the goblin.
The goblin is severely wounded.
The goblin hits you with a +0 dagger of venom.
You are lethally poisoned!
Your rat bites the goblin.
The goblin dies!
You feel very sick.
Things that are here:
a +0 dagger of venom; a goblin corpse
c - a +0 dagger of venom You feel sick.
Your +0 dagger of venom begins to drip with poison!
c - a +0 dagger of venom (weapon)
* * * LOW HITPOINT WARNING * * *
You feel sick.
There is a lethal amount of poison in your body!
Okay, then.
* * * LOW HITPOINT WARNING * * *
You feel sick.
You die...

###########
##.........##
#..♣..<..♣..#
#.........## ##
#####'##### #####
.######...######...##
....................#
........⌠........⌠..#
................@.†.#
.######...######..r##
## ##>## ##†## .###
### ###..# ...####
####...##
##....#####....###
####...#...####
###...###
######.#########


You could see a friendly rat (summoned).

Vanquished Creatures
  A quokka (D:1)
  A rat (D:1)
2 creatures vanquished.

Vanquished Creatures (collateral kills)
  A goblin (D:1)
1 creature vanquished.

Grand Total: 3 creatures vanquished

Notes
Turn   | Place    | Note
-------+----------+-------------------------------------------
     0 | D:1      | voltaire321 the Tengu Summoner began the quest for the Orb.
     0 | D:1      | Reached XP level 1. HP: 10/10 MP: 4/4
   107 | D:1      | Succumbed to a goblin's poison

Illustrated notes

Levels and vault maps discovered:
D:1:      minmay_arrival_split_and_join, layout_rooms,
          dreamdust_ecumenical_altar_hidden_monk_grotto, chequers_avenue,
          grunt_decor_fettered

Action                     || total
---------------------------++-------
  Melee: Unarmed           ||     6
         Kick              ||     2
         Peck              ||     1
         Punch             ||     1
   Cast: Summon Small Mamm ||     4
  Dodge: Dodged            ||     5

Table legend: (Time is in decaauts)
 A = Elapsed time spent in this place.
 B = Non-inter-level travel time spent in this place.
 C = Inter-level travel time spent in this place.
 D = Time resting spent in this place.
 E = Time spent auto-exploring this place.
 F = Levels seen in this place.
 G = Mean time per level.
                   A        B        C        D        E       F      G
               +--------+--------+--------+--------+--------+-----+--------+
         Total |    106 |    106 |      0 |      4 |     78 |   1 |  106.0 |
       Dungeon |    106 |    106 |      0 |      4 |     78 |   1 |  106.0 |
               +--------+--------+--------+--------+--------+-----+--------+

Top non-repeatable levels by time:
     D:1: 106 daAuts
